 Dungeon Crawl Stone Soup version 0.28-a0-1038-g9c4cb8273d (webtiles) character file.

Game seed: 13003578417433520318

79 bearlyready the Poker (level 4, 0/48 HPs)
             Began as an Ogre Fighter on Dec 8, 2021.
             Slain by an ice beast (3 damage)
             ... on level 3 of the Dungeon.
             The game lasted 00:01:45 (2461 turns).

bearlyready the Poker (Ogre Fighter)                Turns: 2461, Time: 00:01:45

Health: 0/48       AC:  3    Str: 22    XL:     4   Next: 37%
Magic:  4/4        EV:  8    Int:  9    God:
Gold:   84         SH:  7    Dex:  8    Spells: 3/3 levels left

rFire   . . .      SeeInvis .   a - +0 trident
rCold   . . .      Faith    .   c - +0 kite shield
rNeg    . . .      Spirit   .   b - +0 robe
rPois   .          Reflect  .   (helmet restricted)
rElec   .          Harm     .   (no cloak)
rCorr   .          Rampage  .   (gloves unavailable)
Will    .....                   (boots unavailable)
Stlth   +.........              (no amulet)
HPRegen 0.16/turn               (no ring)
MPRegen 0.09/turn               (no ring)

@: mighty
A: large, unfitting armour, tough skin 1
a: no special abilities


You were on level 3 of the Dungeon.
You visited 1 branch of the dungeon, and saw 3 of its levels.

You collected 84 gold pieces.

Inventory:

Hand Weapons
 a - a +0 trident (weapon)
Missiles
 j - a large rock (quivered)
 l - 3 boomerangs
Armour
 b - a +0 robe (worn)
 c - a +0 kite shield (worn)
Jewellery
 f - a ring of willpower
Scrolls
 g - a scroll of enchant armour {unknown}
 h - a scroll of amnesia {unknown}
 k - a scroll of identify {unknown}
 m - a scroll of fear {unknown}
Potions
 d - a potion of might
 e - a potion of curing {unknown}
 i - a potion of brilliance {unknown}


   Skills:
 - Level 4.0 Fighting
 + Level 4.5 Polearms
 - Level 2.6 Dodging
 - Level 2.6 Shields


You had 3 spell levels left.
You didn't know any spells.
Your spell library was empty.

Dungeon Overview and Level Annotations

Branches:
Dungeon (3/15)

Altars:

Shops:
D:1 ?


Innate Abilities, Weirdness & Mutations

You are too large for most types of armour.
You have tough skin. (AC +1)


Message History

There is an open door here.
You see here a giant cockroach corpse.
A giant cockroach comes into view.
A giant cockroach is nearby!
A giant cockroach is nearby!
You reach to attack!
You puncture the giant cockroach!
You kill the giant cockroach!
No target in view!
No target in view!
No target in view!
No target in view!
No target in view!
No target in view!
No target in view!
No target in view!
No target in view!
You open the large door.
An ice beast comes into view.
An ice beast is nearby!
There is a large open door here.
A rat and a quokka come into view.
There is a large open door here.
You closely miss the ice beast. The ice beast hits you.
The ice beast freezes you!
There is a large open door here.
You feel very mighty all of a sudden. The ice beast completely misses you.
You closely miss the ice beast. The ice beast hits you.
The ice beast freezes you!
The ice beast hits you but does no damage.
You closely miss the ice beast. You block the ice beast's attack.
You puncture the ice beast!
The ice beast is heavily wounded.
The ice beast hits you. The ice beast freezes you!
* * * LOW HITPOINT WARNING * * *
Okay, then.
You hit the ice beast.
The ice beast is severely wounded.
The ice beast hits you.
You die...

#.........
#.........
#.........
##.........
#....######
#....#
#....#
#....#
##@### #Y#
#...rr...#
#........#
#........#
#........#
+........#
#........#
#........#


You could see an ice beast, a quokka and a rat.

Vanquished Creatures
  An adder (D:2)
  An adder skeleton (D:2)
  A worm (D:2)
  4 orcs
  2 ball pythons (D:1)
  7 endoplasms
  7 giant cockroaches
  4 goblins
  6 hobgoblins
  4 jackals (D:2)
  2 quokkas
  4 bats (D:2)
  2 frilled lizards (D:1)
  3 kobolds
  4 rats (D:1)
52 creatures vanquished.

Notes
Turn   | Place    | Note
-------+----------+-------------------------------------------
     0 | D:1      | bearlyready the Ogre Fighter began the quest for the Orb.
     0 | D:1      | Reached XP level 1. HP: 24/24 MP: 1/1
   346 | D:1      | Reached XP level 2. HP: 31/32 MP: 2/2
   649 | D:1      | Found Ecumihe's Magic Scroll Boutique.
   851 | D:1      | Reached XP level 3. HP: 39/39 MP: 3/3
  1710 | D:2      | Reached XP level 4. HP: 24/48 MP: 4/4
  2282 | D:2      | Found a faded altar of an unknown god.
  2452 | D:3      | Noticed an ice beast
  2461 | D:3      | Slain by an ice beast

Illustrated notes

Levels and vault maps discovered:
D:1:      dpeg_arrival_tiny_i, layout_loops_corners, serial_shops,
          nicolae_shop_statue_plus
D:2:      layout_loops_ring, shapermc_ecumenical_altar_ellora,
          guppyfry_early_orc_mine
D:3:      layout_basic, nicolae_tso_besieged_by_evil,
          mainiacjoe_overflow_alcove_2, gammafunk_ghost_split,
          nrook_mini_backslash

Skill      XL: |  1  2  3 |
---------------+----------+-----
Polearms       | 3 4 |  4.5
Fighting       | |  4.0
Dodging        | |  2.6
Shields        | |  2.6

Action                   |  1- 3 |  4- 6 || total
-------------------------+-------+-------++-------
Melee: Trident           |   126 |    38 ||   164
  Use: Potion            |       |     1 ||     1
Armor: Robe              |    29 |    10 ||    39
Dodge: Dodged            |    46 |     9 ||    55
Block: Kite shield       |    32 |    11 ||    43

Table legend: (Time is in decaauts)
 A = Elapsed time spent in this place.
 B = Non-inter-level travel time spent in this place.
 C = Inter-level travel time spent in this place.
 D = Time resting spent in this place.
 E = Time spent auto-exploring this place.
 F = Levels seen in this place.
 G = Mean time per level.
                   A        B        C        D        E       F      G
               +--------+--------+--------+--------+--------+-----+--------+
         Total |   2516 |   2487 |     29 |     94 |   2045 |   3 |  838.7 |
       Dungeon |   2516 |   2487 |     29 |     94 |   2045 |   3 |  838.7 |
               +--------+--------+--------+--------+--------+-----+--------+

Top non-repeatable levels by time:
     D:1: 1276 daAuts
     D:2: 1107 daAuts
     D:3: 133 daAuts
